 Dungeon Crawl Stone Soup version 0.26-b1-32-g5d43845318 (webtiles) character file.

Game seed: 6166119513252237991

47068 DocSulfur the Grappler (level 14, -5/108 HPs)
             Began as a Grey Draconian Transmuter on Jan 6, 2021.
             Was a High Priest of Makhleb.
             Slain by a large slime creature (33 damage)
             ... on level 15 of the Dungeon.
             The game lasted 01:29:31 (21749 turns).

DocSulfur the Grappler (Grey Draconian Transmuter) Turns: 21749, Time: 01:29:32

Health: -5/108     AC: 13    Str: 17    XL:     14   Next: 7%
Magic:  0/35       EV: 17    Int: 15    God:    Makhleb [*****.]
Gold:   1039       SH:  0    Dex: 11    Spells: 14/29 levels left

rFire    . . .     SeeInvis .     - Unarmed
rCold    + . .     Faith    .   (shield currently unavailable)
rNeg     . . .     Spirit   +   (armour unavailable)
rPois    .         Reflect  .   (helmet restricted)
rElec    .         Harm     .   G - scarf {repulsion}
rCorr    .         Rampage  .   (gloves currently unavailable)
Will     +....     Clarity  +   (no boots)
Stlth    +.........             f - amulet of guardian spirit
HPRegen  0.28/turn              h - ring of magical power
MPRegen  0.24/turn              s - ring of protection from cold

@: about to teleport, blade hands, repel missiles
A: walk through water, unfitting armour, clarity, frail 1, unbreathing,
cold-blooded, AC +13
a: End Transformation, Renounce Religion, Minor Destruction, Lesser Servant of
Makhleb, Major Destruction, Greater Servant of Makhleb


You were on level 15 of the Dungeon.
You worshipped Makhleb.
Makhleb was extremely pleased with you.
You had blades for hands.
You visited 2 branches of the dungeon, and saw 16 of its levels.

You collected 1039 gold pieces.

Inventory:

Hand Weapons
 R - a +0 arbalest
Missiles
 l - 62 poisoned darts
 n - 8 javelins (quivered)
 o - 2 throwing nets
 L - 8 curare-tipped darts
 M - 2 silver javelins
 S - 62 bolts
Armour
 G - a scarf of repulsion (worn)
Jewellery
 f - an amulet of guardian spirit (around neck)
 h - a ring of magical power (left scythe-like blade)
 s - a ring of protection from cold (right scythe-like blade)
 u - an uncursed amulet of magic regeneration
 Q - an uncursed amulet of faith
Wands
 j - a wand of digging (9)
 w - a wand of acid (13)
 y - a wand of random effects (45)
 z - a wand of paralysis (4)
 B - a wand of flame (74)
 D - a wand of polymorph (7)
 K - a wand of iceblast (5)
Scrolls
 a - 8 scrolls of teleportation
 b - 6 scrolls of enchant weapon
 c - 5 scrolls of amnesia
 g - 2 scrolls of blinking
 m - a scroll of magic mapping
 p - 9 scrolls of remove curse
 q - 4 scrolls of enchant armour
 t - 2 scrolls of immolation
 v - 2 scrolls of fear
 A - 2 scrolls of fog {unknown}
 F - 6 scrolls of identify
 H - a scroll of acquirement {unknown}
 J - a scroll of summoning {unknown}
 N - a scroll of holy word {unknown}
 T - a scroll of brand weapon {unknown}
Potions
 d - 3 potions of lignification
 e - 4 potions of curing
 i - 3 potions of might
 k - a potion of brilliance
 x - 4 potions of flight
 C - a potion of invisibility {unknown}
 E - 2 potions of cancellation
 I - 2 potions of haste
 O - 2 potions of mutation
Miscellaneous
 P - a tin of tremorstones (2/2)


   Skills:
 - Level 10.0 Fighting
 - Level 10.0 Dodging
 + Level 12.3 Unarmed Combat
 - Level 8.0 Spellcasting
 + Level 11.4 Transmutations
 - Level 4.0 Fire Magic
 + Level 6.5 Poison Magic
 + Level 5.4 Invocations


You had 14 spell levels left.
You knew the following spells:

 Your Spells              Type           Power        Failure   Level
a - Beastly Appendage     Tmut           80%          7%          1
b - Wereblood             Tmut           40%          8%          2
c - Blade Hands           Tmut           20%          26%         5
d - Olgreb's Toxic Radia  Pois           25%          43%         4
e - Ignite Poison         Fire/Tmut/Pois 28%          21%         3

Your spell library contained the following spells:

 Spells                   Type           Power        Failure   Level
 Sting                    Tmut/Pois      100%         10%         1
 Spider Form              Tmut/Pois      16%          14%         3
 Poisonous Vapours        Pois/Air       30%          32%         2
 Ice Form                 Ice/Tmut       23%          50%         4
 Mephitic Cloud           Conj/Pois/Air  12%          54%         3


Dungeon Overview and Level Annotations

Branches:
Dungeon (15/15)            Temple (1/1) D:6            Lair (0/6) D:11
    Orc (0/2) D:11         Vaults (0/5) D:14         Depths (0/5) D:15

Altars:
Ashenzari
Cheibriados
Dithmenos
Elyvilon
Fedhas
Gozag
Hepliaklqana
Kikubaaqudgha
Makhleb
Nemelex Xobeh
Okawaru
Qazlal
Ru
Sif Muna
Trog
Uskayaw
Vehumet
Wu Jian
Xom
Yredelemnul
Zin
The Shining One
Beogh

Annotations:
D:9 2 runed translucent doors
D:11 exclusion: oklob plant


Innate Abilities, Weirdness & Mutations

You can walk through water.
Your dull iron-grey scales are very hard. (AC +13)
You cannot fit into any form of body armour.
You can survive without breathing.
You are cold-blooded and may be slowed by cold attacks.
You possess an exceptional clarity of mind.
You are frail. (-10% HP)


Message History

Your hands revert to their normal proportions.
You howl as the wereblood boils in your veins!
Your primal bloodlust has ended.
A slime creature suddenly becomes a large slime creature.
You see here 17 stones.
You see here a +0 scimitar of flaming.
A slime creature suddenly becomes a large slime creature.
Casting: Blade Hands (dangerous; 3% risk of failure)
Confirm with . or Enter, or press ? or * to list all spells.
Your hands turn into razor-sharp scythe blades.
You hit the large slime creature.
The large slime creature is lightly wounded.
The large slime creature barely misses you.
You slash the large slime creature!
The large slime creature is lightly wounded.
The salamander misses you. The large slime creature hits you!!
* * * LOW HITPOINT WARNING * * *
As you read the scroll of teleportation, it crumbles to dust.
You feel strangely unstable. The large slime creature hits you!!!
You die...

#.# #.#
#.# #.#
#.# #.#
#.# #.#
####'#
#.#
.....#
#.#
.###.#
#N# .#
#.# #J#
.###.###
#@#
.....'.#
#.#
'#####.#
#.#
.......#
#.#
......##
#<#
#.....#
###
....###
##.##
...#


You could see a salamander and a large slime creature.

Vanquished Creatures
  A frost giant (D:15)
  Louise (D:13)
  A bunyip (shapeshifter) (D:15)
  A dire elephant (D:15)
  3 boulder beetles
  3 hydras
  4 vault guards (D:14)
  A catoblepas (D:14)
  3 centaur warriors
  4 two-headed ogres
  A tengu warrior (D:13)
  Urug (D:13)
  A wizard (D:14)
  A deep elf mage (D:14)
  3 cyclopes
  A wolf spider (D:15)
  5 manticores
  4 ugly things
  6 centaur zombies
  A cane toad (shapeshifter) (D:15)
  4 gargoyles
  A kobold demonologist (D:15)
  3 efreet
  The ghost of barott the Shield-Bearer, a novice GrFi of the Shining One (D:5)
  A komodo dragon (D:14)
  5 yaktaurs
  5 trolls
  Grinder (D:6)
  3 meliai (D:14)
  19 slime creatures
  4 wyverns
  3 wraiths
  10 yaks
  Grum (D:11)
  2 basilisks (D:13)
  7 vampire mosquitoes
  An acid dragon (D:14)
  2 soldier ants
  6 orc warriors
  6 ice beasts
  3 sky beasts
  3 black bears
  A phantom (D:12)
  2 ogres
  3 necrophages
  2 eyes of draining
  4 wolves (D:11)
  8 centaurs
  3 big kobolds
  Blork the orc (D:6)
  14 bullfrogs
  3 wyvern skeletons
  A wyvern zombie (D:11)
  3 scorpions
  3 killer bees (D:11)
  15 wights
  6 howler monkeys
  2 jellies
  2 bullfrog zombies
  5 centaur skeletons
  5 orc priests
  5 hounds
  15 orc wizards
  A bullfrog skeleton (D:9)
  4 iguanas
  9 worker ants
  A killer bee zombie (D:6)
  A hound zombie (D:8)
  2 hound skeletons
  A howler monkey zombie (D:9)
  10 gnolls
  13 adders
  A shadow imp (D:7)
  3 white imps
  2 ufetubi
  3 adder skeletons
  2 worms (D:2)
  8 leopard geckos
  56 orcs
  9 bats
  6 giant cockroaches
  14 goblins
  5 hobgoblins
  19 jackals
  3 quokkas
  A ball python (D:2)
  A frilled lizard (D:1)
  24 kobolds
  12 rats
451 creatures vanquished.

Vanquished Creatures (others)
  An unseen horror (D:14)
  9 plants
10 creatures vanquished.

Grand Total: 461 creatures vanquished

Notes
Turn   | Place    | Note
-------+----------+-------------------------------------------
     0 | D:1      | DocSulfur the Draconian Transmuter began the quest for the
                  | Orb.
     0 | D:1      | Reached XP level 1. HP: 16/16 MP: 3/3
   541 | D:1      | Reached XP level 2. HP: 23/23 MP: 3/5
   544 | D:1      | Learned a level 2 spell: Wereblood
  1509 | D:2      | Reached XP level 3. HP: 15/29 MP: 4/6
  1958 | D:2      | Noticed a bullfrog
  1965 | D:2      | Killed a bullfrog
  1966 | D:2      | Reached XP level 4. HP: 31/36 MP: 5/7
  2096 | D:2      | Reached skill level 4 in Unarmed Combat
  2434 | D:2      | Reached XP level 5. HP: 41/41 MP: 6/8
  2897 | D:3      | Found a glowing golden altar of the Shining One.
  2942 | D:3      | Found a broken altar of Ashenzari.
  3584 | D:3      | Found a bloodstained altar of Trog.
  4438 | D:3      | Reached XP level 6. HP: 45/50 MP: 7/10
  4772 | D:4      | Found an opulent altar of Gozag.
  5232 | D:4      | Reached skill level 5 in Unarmed Combat
  5571 | D:5      | Entered Level 5 of the Dungeon
  5628 | D:5      | Found a sacrificial altar of Ru.
  5696 | D:5      | Your scales start taking on a dull iron-grey colour.
  5696 | D:5      | Reached XP level 7. HP: 56/57 MP: 8/11
  5696 | D:5      | Gained mutation: You can survive without breathing. [Grey
                  | Draconian growth]
  5982 | D:5      | Noticed barott's ghost (novice GrFi)
  5984 | D:5      | Found a runed translucent gate.
  5984 | D:5      | Found a runed translucent gate.
  5985 | D:5      | Found a runed translucent gate.
  6107 | D:5      | Learned a level 5 spell: Blade Hands
  6272 | D:5      | Reached skill level 5 in Transmutations
  7112 | D:6      | Reached skill level 6 in Unarmed Combat
  7294 | D:6      | Found a white marble altar of Elyvilon.
  7391 | D:6      | Reached XP level 8. HP: 35/66 MP: 6/13
  7554 | D:6      | Found a staircase to the Ecumenical Temple.
  7566 | Temple   | Entered the Ecumenical Temple
  7646 | Temple   | Became a worshipper of Makhleb the Destroyer
  7779 | D:6      | Noticed Grinder
  7789 | D:6      | Killed Grinder
  7959 | D:6      | Noticed Blork the orc
  7961 | D:6      | Found a snail-covered altar of Cheibriados.
  7972 | D:6      | Killed Blork the orc
  8020 | D:6      | Found a radiant altar of Vehumet.
  8310 | D:7      | Reached skill level 7 in Unarmed Combat
  8416 | D:7      | Found a stormy altar of Qazlal.
  8504 | D:7      | Found an opulent altar of Gozag.
  8775 | D:7      | Reached skill level 5 in Fighting
  8780 | D:7      | Reached * piety under Makhleb
  9045 | D:7      | Found a sparkling altar of Nemelex Xobeh.
  9174 | D:8      | Reached XP level 9. HP: 40/74 MP: 11/15
  9407 | D:8      | Reached skill level 8 in Unarmed Combat
  9824 | D:9      | Found a shimmering blue altar of Sif Muna.
  9829 | D:9      | Reached ** piety under Makhleb
 10089 | D:9      | Reached skill level 5 in Spellcasting
 10115 | D:9      | Found a runed translucent door.
 10115 | D:9      | Noticed a fire dragon
 10116 | D:9      | Found the +2 shield of Resistance {rF++ rC++ Will++}
 10116 | D:9      | Noticed a fire dragon
 10116 | D:9      | Noticed an ice dragon
 10117 | D:9      | Noticed an ice dragon
 10126 | D:9      | Found a runed translucent door.
 10807 | D:10     | Entered Level 10 of the Dungeon
 10830 | D:10     | Noticed a troll
 10840 | D:10     | Killed a troll
 10980 | D:10     | Noticed a gargoyle
 11004 | D:10     | HP: 5/112 [gargoyle/cursed -3 mace (12)]
 11007 | D:10     | Killed a gargoyle
 11008 | D:10     | Reached skill level 9 in Unarmed Combat
 11339 | D:10     | Reached XP level 10. HP: 61/81 MP: 16/18
 11600 | D:10     | Noticed a gargoyle
 11976 | D:10     | Found a blossoming altar of Fedhas.
 12059 | D:10     | Killed a gargoyle
 12211 | D:10     | Noticed a two-headed ogre
 12214 | D:10     | Killed a two-headed ogre
 12359 | D:10     | Reached *** piety under Makhleb
 12677 | D:11     | Reached skill level 5 in Dodging
 12695 | D:11     | Found a staircase to the Orcish Mines.
 12703 | D:11     | Found a roughly hewn altar of Beogh.
 12707 | D:11     | Reached skill level 10 in Transmutations
 12828 | D:11     | Noticed a centaur warrior
 12837 | D:11     | Killed a centaur warrior
 12928 | D:11     | Reached XP level 11. HP: 81/89 MP: 20/20
 12980 | D:11     | Noticed Grum
 13002 | D:11     | Killed Grum
 13004 | D:11     | Reached **** piety under Makhleb
 13023 | D:11     | Found a staircase to the Lair.
 13023 | D:11     | Noticed an oklob plant
 13030 | D:11     | Reached skill level 1 in Poison Magic
 13230 | D:11     | Reached skill level 1 in Fire Magic
 13978 | D:5      | Killed barott's ghost
 14145 | D:5      | Gained mutation: You are frail. (-10% HP) [potion of
                  | mutation]
 14145 | D:5      | Gained mutation: You possess an exceptional clarity of
                  | mind. [potion of mutation]
 14415 | D:12     | Noticed a two-headed ogre
 14423 | D:12     | Killed a two-headed ogre
 14424 | D:12     | Reached skill level 10 in Unarmed Combat
 14669 | D:12     | You fall into a shaft and drop 3 floors!
 14669 | D:15     | Entered Level 15 of the Dungeon
 14670 | D:15     | Noticed a boulder beetle
 14810 | D:14     | Noticed a green ugly thing
 14810 | D:14     | Noticed a green ugly thing
 14810 | D:14     | Noticed a green ugly thing
 14813 | D:14     | Noticed a tengu warrior
 14980 | D:12     | Noticed a two-headed ogre
 14985 | D:12     | Killed a two-headed ogre
 15214 | D:12     | Noticed a four-headed hydra
 15223 | D:12     | Killed a nine-headed hydra
 15953 | D:12     | Reached ***** piety under Makhleb
 16066 | D:13     | Reached XP level 12. HP: 90/90 MP: 21/21
 16207 | D:13     | Noticed Urug
 16228 | D:13     | Killed Urug
 17316 | D:13     | Killed a tengu warrior
 17493 | D:14     | Noticed a catoblepas
 17677 | D:13     | Learned a level 4 spell: Olgreb's Toxic Radiance
 17681 | D:13     | Learned a level 3 spell: Ignite Poison
 17700 | D:14     | Noticed Louise
 17700 | D:14     | Noticed a centaur warrior
 17713 | D:13     | Killed Louise
 17930 | D:14     | Noticed a boulder beetle
 18169 | D:14     | Noticed a two-headed ogre
 18178 | D:14     | Killed a two-headed ogre
 18179 | D:14     | Reached skill level 11 in Unarmed Combat
 18261 | D:14     | Reached skill level 10 in Fighting
 18476 | D:14     | Reached XP level 13. HP: 101/101 MP: 24/24
 19045 | D:14     | Paralysed by a wizard for 6 turns
 19059 | D:14     | Paralysed by a wizard for 7 turns
 19346 | D:14     | Found a gate to the Vaults.
 19374 | D:14     | Reached skill level 1 in Invocations
 19379 | D:14     | Reached skill level 10 in Dodging
 20356 | D:15     | Reached skill level 5 in Poison Magic
 20898 | D:15     | Reached skill level 12 in Unarmed Combat
 21009 | D:15     | Noticed a bunyip
 21016 | D:15     | Noticed a frost giant
 21035 | D:15     | Killed a frost giant
 21103 | D:15     | Noticed a bunyip
 21125 | D:15     | Killed a bunyip
 21386 | D:15     | Reached skill level 5 in Invocations
 21462 | D:15     | Reached XP level 14. HP: 108/108 MP: 22/26
 21665 | D:15     | Found a staircase to the Depths.
 21749 | D:15     | Slain by a large slime creature

Illustrated notes

Levels and vault maps discovered:
D:1:      shiori_arrival_elements, layout_basic
D:2:      layout_loops_ring, minmay_misc_feat_more_columns,
          minmay_goblin_outpost
D:3:      layout_basic, overflow_temple_1_default, lemuel_doored_altar,
          trog_butcher_becter
D:4:      layout_basic, nicolae_gozag_cash_rules_everything_around_me
D:5:      layout_basic, kennysheep_mini_moat, gammafunk_ghost_split
D:6:      layout_basic, general_overflow_altar, lemuel_crystal_altar,
          lemuel_crystal_altar, minmay_temple_entry_waves, grunt_ministairs_12,
          uniq_grinder, uniq_blork_the_orc
D:7:      layout_basic, kennysheep_mini, grunt_qazlal_sundering, basic_altar,
          minmay_fractal_squares_gapless_5
D:8:      layout_rooms
D:9:      layout_loops_ring, lemuel_crystal_altar, library_closet,
          serial_bayou_ford_a, minmay_guarded_unrand_resistance
D:10:     layout_loops_corners, serial_glass, glass_columns_a, glass_columns_a,
          glass_columns_b, fedhas_altar_2
D:11:     layout_loops_ring, dpeg_oklobed_lair, david_orc_5, dk_vineyard_2,
          nrook_mini_vaults, uniq_grum
D:12:     layout_roguey
D:13:     layout_basic, serial_corexii_hall, corexii_hall_statues_x,
          corexii_hall_statues_x, corexii_hall_statues_l,
          chequers_hall_statues_y, uniq_urug
D:14:     layout_long_grid, lightli_vaults_fourway_checkpoint, uniq_louise
D:15:     hangedman_depths_entry_try_elsewhere_first, layout_basic,
          chequers_serial_rivers_marsh, minmay_misc_feat_encased,
          evilmike_minifort
Temple:   nicolae_temple_x_marks_the_god

Skill      XL: |  1  2  3  4  5  6  7  8  9 10 11 12 13 |
---------------+----------------------------------------+-----
Fighting       | 2 3 4 5 6 8 10 | 10.0
Transmutations | 3 4 5 7 8 10 11 | 11.4
Unarmed Combat | 4 5 6 7 9 10 11 12 | 12.3
Spellcasting   | 3 4 5 6 7 8 |  8.0
Dodging        | 2 5 7 9 10 | 10.0
Poison Magic   | 3 4 6 |  6.5
Fire Magic     | 3 4 |  4.0
Invocations    | 5 |  5.4

Action                   |  1- 3 |  4- 6 |  7- 9 | 10-12 | 13-15 || total
-------------------------+-------+-------+-------+-------+-------++-------
Melee: Unarmed           |    80 |   199 |   431 |   471 |   224 ||  1405
       Kick              |    13 |    35 |   105 |    15 |     1 ||   169
       Headbutt          |    10 |    21 |    58 |     3 |     1 ||    93
       Tailslap          |     4 |    12 |    46 |    53 |    32 ||   147
       Punch             |     2 |     3 |    11 |    13 |    12 ||    41
 Fire: Arbalest          |       |       |       |       |    57 ||    57
Throw: Javelin           |       |     3 |    21 |     7 |     6 ||    37
       Dart              |       |       |     2 |     6 |     2 ||    10
 Cast: Beastly Appendage |    27 |    44 |    49 |    10 |     1 ||   131
       Wereblood         |     1 |     5 |    12 |     9 |     3 ||    30
       Blade Hands       |       |       |       |    61 |    30 ||    91
 Abil: End Transformatio |       |       |       |       |     3 ||     3
Evoke: Wand              |       |       |       |     5 |    15 ||    20
  Use: Scroll            |       |     7 |     5 |    12 |     5 ||    29
       Potion            |       |       |     2 |     5 |     6 ||    13
 Stab: Sleeping          |     1 |     1 |       |       |       ||     2
Armor: Skin              |    33 |    53 |   136 |   133 |   101 ||   456
Dodge: Dodged            |    36 |   151 |   211 |   311 |   266 ||   975
       Repelled          |       |       |     2 |     5 |     5 ||    12
